 Dungeon Sprint DCSS version 0.21.1-1-g345015f (webtiles) character file.

1305 Fang the Fighter (level 8, -5/60 HPs)
             Began as a Gargoyle Berserker on June 8, 2018.
             Was a High Priest of Trog.
             Slain by a vampire knight
             ... wielding a +0 war axe
              (17 damage)
             ... in the Dungeon (Sprint VII: "The Pits") on June 11, 2018.
             The game lasted 00:04:31 (1038 turns).

Fang the Fighter (Gargoyle Berserker)               Turns: 1038, Time: 00:04:32

Health: -5/60      AC:  8    Str: 22    XL:     8   Next: 57%
Magic:  8/8        EV: 14    Int: 13    God:    Trog [*****.]
Gold:   0          SH:  0    Dex:  9    Spells: 7/7 levels left

rFire    . . .     SeeInvis .   t - +2 war axe (chop)
rCold    . . .     Gourm    .   (no shield)
rNeg     + . .     Faith    .   b - +0 animal skin
rPois    ∞         Spirit   .   (helmet restricted)
rElec    +         Reflect  .   (no cloak)
rCorr    .         Harm     .   (no gloves)
MR       .....     NoTele   +   (no boots)
Stlth    +.........             (no amulet)
HPRegen  0.20/turn              n - +3 ring of intelligence
MPRegen  0.11/turn              q - +3 ring of intelligence

@: berserk cooldown
A: antennae 1, claws 1, blink, negative energy resistance 1, electricity
resistance, weak 1, unbreathing, petrification resistance, rot immunity, AC +5
a: Blink, Berserk, Trog's Hand, Brothers in Arms, Burn Spellbooks, Renounce
Religion


You were in the Dungeon.
You worshipped Trog.
Trog was extremely pleased with you.
You were not hungry.

You visited 1 branch

Inventory:

Hand Weapons
 j - a +2 hand axe
 m - a +0 hand axe of freezing
 o - a +4 antimagic broad axe
 t - a +2 war axe of chopping (weapon)
Armour
 b - a +0 animal skin (worn)
Jewellery
 n - a +3 ring of intelligence (left claw)
 q - a +3 ring of intelligence (right claw)
Scrolls
 i - a scroll of blinking
 k - 3 scrolls of remove curse
 l - a scroll of summoning
Potions
 a - 2 potions of invisibility
 d - 7 potions of curing
 e - 8 potions of heal wounds
 f - 3 potions of haste
 g - 4 potions of magic
 h - 4 potions of berserk rage
 p - a potion of might
 s - a potion of agility
Comestibles
 c - 8 rations


   Skills:
 + Level 11.8 Fighting
 + Level 11.7 Axes
 + Level 5.3 Armour
 + Level 6.2 Dodging
 + Level 0.6 Stealth


You had 7 spell levels left.
You didn't know any spells.

Dungeon Overview and Level Annotations

Branches:
Dungeon (1/1)

Altars:
Ashenzari
Cheibriados
Dithmenos
Elyvilon
Fedhas
Gozag
Hepliaklqana
Kikubaaqudgha
Makhleb
Nemelex Xobeh
Okawaru
Qazlal
Ru
Sif Muna
Trog
Uskayaw
Vehumet
Wu Jian
Xom
Yredelemnul
Zin
The Shining One
Beogh
Jiyva
Lugonu


Innate Abilities, Weirdness & Mutations

You are resistant to torment.
Your stone body is resilient. (AC +5)
You are immune to poison.
You resist negative energy. (rN+)
You are resistant to electric shocks. (rElec)
You can survive without breathing.
You are immune to petrification.
You are immune to rotting.
You have a pair of small antennae on your head.
You have sharp fingernails.
You can translocate small distances at will.
You are weak. (Str -2)


Message History

A vampire knight is nearby!
A vampire knight is nearby!
The vampire knight shouts!
The vampire knight casts a spell at you.
You struggle to resist.
There is a huge open gate here.
There is a huge open gate leading to the Armoury (Hard) here.
You feel yourself speed up.
You close the huge gate.
You start resting.
A vampire knight opens the gate.
It is wielding a war axe.
A vampire knight is nearby!
You're still recovering from your berserk rage.
The vampire knight hits you with a war axe!!
Ouch! That really hurt!
* * * LOW HITPOINT WARNING * * *
The vampire knight bites you but does no damage.
You eat one of the 9 rations.
That ration really hit the spot!
The vampire knight hits you with a war axe!
You die...

### _.# _.#
..###########++##########
#'##................##..#
'.##......#..#......##..#
#.##................''..#
...'............@V..''..#########
####......#..#......##...........
[[##................##...........
).#####'#####++##################
))##.......# ))##.......#
..##.......# '###...<...#
..##.......#


You could see a vampire knight.

Vanquished Creatures
  A jumping spider (D)
  A polar bear (D)
  A snapping turtle (D)
  A warg (D)
  A porcupine (D)
  A floating eye (D)
  An ice beast (D)
  An ogre (D)
  A centaur (D)
  A quasit (D)
  A jelly (D)
  An iguana (D)
  An iron imp (D)
  A mummy (D)
  A gnoll (D)
  An adder (D)
  An adder zombie (D)
  An orc (D)
  A goblin (D)
  3 jackals (D)
  2 kobolds (D)
  2 ball pythons (D)
  A ball python skeleton (D)
  A rat (D)
28 creatures vanquished.

Notes
Turn   | Place    | Note
-------+----------+-------------------------------------------
     0 | D        | Fang the Gargoyle Berserker began the quest for the Orb.
     0 | D        | Reached XP level 1. HP: 14/14 MP: 1/1
    22 | D        | Found a bloodstained altar of Trog.
    22 | D        | Found a deep blue altar of Sif Muna.
    22 | D        | Found a viscous altar of Jiyva.
    22 | D        | Found a hazy altar of Hepliaklqana.
    22 | D        | Found an opulent altar of Gozag.
    23 | D        | Found a glowing golden altar of the Shining One.
    23 | D        | Found a glowing silver altar of Zin.
    23 | D        | Found a basalt altar of Yredelemnul.
    23 | D        | Found a shimmering altar of Xom.
    23 | D        | Found an ornate altar of the Wu Jian Council.
    23 | D        | Found a sacrificial altar of Ru.
    23 | D        | Found a stormy altar of Qazlal.
    23 | D        | Found an iron altar of Okawaru.
    23 | D        | Found a sparkling altar of Nemelex Xobeh.
    23 | D        | Found a burning altar of Makhleb.
    23 | D        | Found a blossoming altar of Fedhas.
    23 | D        | Found a white marble altar of Elyvilon.
    23 | D        | Found a shadowy altar of Dithmenos.
    23 | D        | Found a snail-covered altar of Cheibriados.
    25 | D        | Found a radiant altar of Vehumet.
    25 | D        | Found a corrupted altar of Lugonu.
    25 | D        | Found a roughly hewn altar of Beogh.
    65 | D        | Noticed a floating eye
    67 | D        | Paralysed by a floating eye for 2 turns
    71 | D        | Killed a floating eye
    71 | D        | Reached ** piety under Trog
    71 | D        | Reached skill level 5 in Axes
    71 | D        | Reached XP level 2. HP: 23/23 MP: 2/2
    71 | D        | Reached XP level 3. HP: 28/28 MP: 3/3
    71 | D        | Reached XP level 4. HP: 32/32 MP: 4/4
   121 | D        | Reached *** piety under Trog
   127 | D        | Reached **** piety under Trog
   205 | D        | Noticed an ice beast
   206 | D        | Noticed a centaur
   206 | D        | Noticed a warg
   212 | D        | Killed a warg
   212 | D        | Reached XP level 5. HP: 25/40 MP: 5/5
   216 | D        | Killed an ice beast
   216 | D        | Reached XP level 6. HP: 30/46 MP: 6/6
   226 | D        | Reached skill level 5 in Armour
   233 | D        | Reached ***** piety under Trog
   234 | D        | Reached skill level 10 in Fighting
   468 | D        | Reached XP level 7. HP: 48/52 MP: 7/7
   471 | D        | Noticed a polar bear
   483 | D        | Killed a polar bear
   483 | D        | Reached skill level 10 in Axes
   483 | D        | Reached skill level 5 in Dodging
   582 | D        | Received a gift from Trog
   632 | D        | Noticed a jumping spider
   642 | D        | Killed a jumping spider
   642 | D        | Reached XP level 8. HP: 30/60 MP: 2/8
   889 | D        | Gained mutation: You are weak. (Str -2) [potion of mutation]
   889 | D        | Gained mutation: You have a pair of small antennae on your head. [potion of mutation]
   889 | D        | Gained mutation: You have sharp fingernails. [potion of mutation]
   889 | D        | Gained mutation: You can translocate small distances at will. [potion of mutation]
   948 | D        | Found a hide-covered altar of Uskayaw.
   948 | D        | Found an ancient bone altar of Kikubaaqudgha.
   948 | D        | Found a shattered altar of Ashenzari.
   978 | D        | Noticed a snapping turtle
   989 | D        | Killed a snapping turtle
  1023 | D        | Noticed a vampire knight
  1038 | D        | Slain by a vampire knight

Skill      XL: |  1  2  3  4  5  6  7  8 |
---------------+-------------------------+-----
Axes           | 5 7 8 9 11 | 11.7
Fighting       | 6 8 9 10 11 | 11.8
Armour         | 3 4 5 |  5.3
Dodging        | 2 3 4 5 6 |  6.2
Stealth        | |  0.6

Action                   |  1- 3 |  4- 6 |  7- 9 || total
-------------------------+-------+-------+-------++-------
Melee: Hand axe          |     3 |    40 |    24 ||    67
       Broad axe         |       |       |     5 ||     5
       War axe           |       |       |     6 ||     6
Invok: Berserk           |     1 |     1 |     4 ||     6
  Use: Potion            |       |       |     1 ||     1
  Eat: Chunk             |       |     1 |     4 ||     5
       Ration            |       |       |     1 ||     1
Armor: Animal skin       |     1 |    11 |    19 ||    31
Dodge: Dodged            |     5 |    29 |    33 ||    67
